 Dungeon Crawl Stone Soup version 0.29-a0-233-g1125b37a9b (webtiles) character file.

Game seed: 7016371913367112651

16 siradein the Grave Robber (level 2, -9/20 HPs)
             Began as a Ghoul Necromancer on Mar 2, 2022.
             Killed from afar by Natasha (10 damage)
             ... with a magic dart
             ... on level 2 of the Dungeon.
             The game lasted 00:02:24 (1003 turns).

siradein the Grave Robber (Ghoul Necromancer)       Turns: 1003, Time: 00:02:25

Health: -9/20      AC:  2    Str: 11    XL:     2   Next: 54%
Magic:  0/3        EV: 12    Int: 10    God:
Gold:   69         SH:  0    Dex:  9    Spells: 3/4 levels left

rFire   . . .      SeeInvis .   (no weapon)
rCold   + . .      Faith    .   (no shield)
rNeg    + + +      Spirit   .   a - +0 robe
rPois   ∞          Reflect  .   (no helmet)
rElec   .          Harm     .   (no cloak)
rCorr   .          Rampage  .   (no gloves)
Will    .....                   (no boots)
Stlth   ++........              (no amulet)
HPRegen 0.00/turn               (no ring)
MPRegen 0.08/turn               (no ring)

@: inhibited regen, slowed, very slow
A: claws 1, cold resistance 1, negative energy resistance 3, inhibited
regeneration, torment resistance 2
a: no special abilities


You were on level 2 of the Dungeon.
You visited 1 branch of the dungeon, and saw 2 of its levels.

You collected 69 gold pieces.

Inventory:

Armour
 a - a +0 robe (worn)
Magical Staves
 h - a staff of cold
Jewellery
 e - an amulet of guardian spirit
Scrolls
 b - 3 scrolls of magic mapping {unknown}
 d - a scroll of identify {unknown}
 f - a scroll of amnesia {unknown}
 i - a scroll of vulnerability {unknown}
 j - a scroll of enchant armour {unknown}
Potions
 c - a potion of invisibility {unknown}
 g - a potion of attraction {unknown}


   Skills:
 - Level 1.7 Dodging
 - Level 2.1 Stealth
 - Level 1.7 Spellcasting
 + Level 4.6 Necromancy


You had 3 spell levels left.
You knew the following spells:

 Your Spells              Type           Power      Damage    Failure   Level
a - Pain                  Necr           40%        1d6       4%          1

Your spell library contained the following spells:

 Spells                   Type           Power      Damage    Failure   Level
 Animate Skeleton         Necr           20%        N/A       4%          1
 Vampiric Draining        Necr           10%        2d6       14%         3
 Animate Dead             Necr           5%         N/A       43%         4
 Agony                    Necr           10%        N/A       78%         5


Dungeon Overview and Level Annotations

Branches:
Dungeon (2/15)

Altars:

Annotations:
D:2 Natasha


Innate Abilities, Weirdness & Mutations

You thrive by killing the living.
You are immune to poison.
You have sharp fingernails.
Your flesh is cold resistant. (rC+)
You are immune to negative energy. (rN+++)
You do not regenerate when monsters are visible.
You are immune to unholy pain and torment.


Message History

You are too depleted to draw on your mana recklessly!
You are too depleted to draw on your mana recklessly!
Really attack while wielding nothing? [Y]es or [N]o only, please.
Really attack while wielding nothing? [Y]es or [N]o only, please.
Really attack while wielding nothing? [Y]es or [N]o only, please.
Really attack while wielding nothing? [Y]es or [N]o only, please.
Really attack while wielding nothing? [Y]es or [N]o only, please.
Really attack while wielding nothing?
You scratch Natasha.
Natasha is heavily wounded.
Natasha closely misses you. Natasha completely misses you.
You closely miss Natasha.
Natasha is heavily wounded.
Natasha barely misses you.
You scratch Natasha.
Natasha is severely wounded.
Natasha casts a spell at you. You resist with significant effort.
Natasha claws you.
You are too injured to fight recklessly!
You scratch Natasha but do no damage. Your claw misses Natasha.
Natasha is severely wounded.
Natasha claws you.
* * * LOW HITPOINT WARNING * * *
You closely miss Natasha.
Natasha is severely wounded.
Natasha misses you.
Natasha extends her claws.
Natasha claws you.
* * * LOW HITPOINT WARNING * * *
You scratch Natasha but do no damage.
Natasha is severely wounded.
Natasha stares at you and mumbles some strange words.
The magic dart hits you!
Ouch! That really hurt!
You die...

..............##
###....#....#..#
............#..#########
###.#.#...#.#...........
.........#.#...........
#+#...#.#...##..........
..<..#.######.......###
....###.# ###.###.#
....# #.# #@.# # ....#
#.#......h#.## ###
##.###.#..# .<# #.##.#
... .h.........+ #.#
.....##..### # .....
.... ..... ..... ..
......#


You could see Natasha.

Vanquished Creatures
  A dart slug (D:1)
  3 endoplasms (D:1)
  2 hobgoblins
  2 kobolds (D:1)
  A quokka (D:2)
  2 bats (D:1)
  A goblin (D:1)
  A rat (D:1)
13 creatures vanquished.

Notes
Turn   | Place    | Note
-------+----------+-------------------------------------------
     0 | D:1      | siradein the Ghoul Necromancer began the quest for the Orb.
     0 | D:1      | Reached XP level 1. HP: 14/14 MP: 2/2
   108 | D:1      | Found a faded altar of an unknown god.
   268 | D:1      | Reached XP level 2. HP: 13/20 MP: 0/3
   991 | D:2      | Noticed Natasha
  1002 | D:2      | HP: 1/20 [Natasha (5)]
  1003 | D:2      | Killed from afar by Natasha

Illustrated notes

Levels and vault maps discovered:
D:1:      minmay_arrival_up_and_down, layout_rooms,
          ebering_ecumenical_altar_sacrificial
D:2:      minmay_diamond_boxcup, layout_basic, serial_shops,
          nicolae_shop_crystal, uniq_natasha

Action                   || total
-------------------------++-------
Melee: Unarmed           ||    35
 Cast: Pain              ||    27
Armor: Robe              ||     9
Dodge: Dodged            ||    31

Table legend: (Time is in decaauts)
 A = Elapsed time spent in this place.
 B = Non-inter-level travel time spent in this place.
 C = Inter-level travel time spent in this place.
 D = Time resting spent in this place.
 E = Time spent auto-exploring this place.
 F = Levels seen in this place.
 G = Mean time per level.
                   A        B        C        D        E       F      G
               +--------+--------+--------+--------+--------+-----+--------+
         Total |   1005 |    975 |     30 |      0 |    813 |   2 |  502.5 |
       Dungeon |   1005 |    975 |     30 |      0 |    813 |   2 |  502.5 |
               +--------+--------+--------+--------+--------+-----+--------+

Top non-repeatable levels by time:
     D:1: 773 daAuts
     D:2: 232 daAuts
